 Dungeon Crawl Stone Soup version 0.30.1-11-g7821555f0a (webtiles) character file.

Game seed: 13450214967393154205

13254 CrazyMind the Destroyer (level 11, -1/78 HPs)
             Began as a Demonspawn Conjurer on Dec 2, 2023.
             Was an Initiate of Gozag.
             Slain by an ice devil (10 damage)
             ... in an ice cave on Dec 9, 2023.
             The game lasted 01:18:10 (13193 turns).

CrazyMind the Destroyer (Demonspawn Conjurer)      Turns: 13193, Time: 01:18:10

Health: -1/78      AC: 13    Str:  7    XL:     11   Next: 73%
Magic:  0/22       EV: 13    Int: 24    God:    Gozag
Gold:   1235       SH:  0    Dex: 12    Spells: 9/25 levels left

rFire   x . .        b - +2 dagger (elec)
rCold   + + .        (no shield)
rNeg    . . .        n - +2 leather armour {rC+}
rPois   .            g - +0 helmet
rElec   .            L - +0 cloak
rCorr   .            J - +2 pair of gloves {hurl}
SInv    .            N - +0 pair of boots
Will    .....        C - amulet of magic regeneration
Stlth   +++          W - ring of ice
HPRegen 0.33/turn    E - ring of wizardry
MPRegen 0.76/turn

%: guardian spirit, wizardry (x1)
@: brilliant
A: hooves 2, magic shield, magic regeneration, sturdy frame 2
a: Renounce Religion, Potion Petition, Call Merchant, Bribe Branch


You were in an ice cave.
You worshipped Gozag.
Gozag was most pleased with you.
You visited 2 branches of the dungeon, and saw 12 of its levels.
You also visited: Ice Cave.

You collected 2186 gold pieces.
You spent 438 gold pieces at shops.
You paid 513 gold pieces to Gozag.

Inventory:

Hand Weapons
 a - the +7 mace "CrazyMind's Curse" {drain, rElec rN+ SInv}
   (You found it on level 2 of the Dungeon)

   rElec:     It insulates you from electricity.
   rN:        It protects you from negative energy.
   SInv:      It lets you see invisible.
 b - a +2 dagger of electrocution (weapon)
Missiles
 i - 5 javelins
 l - a throwing net
 A - 32 poisoned darts (quivered)
 I - 7 boomerangs
Armour
 g - a +0 helmet (worn)
 n - a +2 leather armour of cold resistance (worn)
 J - a +2 pair of gloves of hurling (worn)
 L - a +0 cloak (worn)
 N - a +0 pair of boots (worn)
 O - the +0 ring mail "Ugge" {Rampage +Blink rElec rN+}
   (You bought it in a shop on level 7 of the Dungeon)

   rElec:     It insulates you from electricity.
   rN:        It protects you from negative energy.
   +Blink:    It lets you blink.
   Rampage:   It bestows one free step when moving towards enemies.
 X - the +3 hat of Pondering {ponderous, Will+ MP+10 Int+5}
   (You took it off Gastronok on level 10 of the Dungeon)

   Int:       It affects your intelligence (+5).
   MP:        It affects your magic capacity (+10).
   Will:      It increases your willpower.
Jewellery
 h - a ring of resist corrosion
 z - a ring of see invisible
 C - an amulet of magic regeneration (around neck)
 E - a ring of wizardry (right hand)
 Q - a ring of poison resistance
 W - a ring of ice (left hand)
Wands
 F - a wand of acid (11)
 T - a wand of paralysis (7)
 U - a wand of iceblast (16)
Scrolls
 f - a scroll of fog {unknown}
 k - 7 scrolls of teleportation
 m - 2 scrolls of fear
 q - 4 scrolls of poison
 s - 2 scrolls of vulnerability
 D - 2 scrolls of torment
 M - a scroll of magic mapping
 V - 2 scrolls of blinking {unknown}
 Y - a scroll of enchant weapon {unknown}
Potions
 d - 5 potions of heal wounds
 e - a potion of invisibility
 o - 2 potions of haste
 r - 3 potions of flight {unknown}
 t - 2 potions of lignification
 u - 7 potions of curing
 v - 2 potions of resistance
 x - 3 potions of mutation
 B - 3 potions of magic
 H - 2 potions of might
 R - a potion of cancellation {unknown}
 S - 2 potions of attraction


   Skills:
 + Level 4.5 Fighting
 * Level 6.0 Short Blades
 - Level 3.6 Maces & Flails
 * Level 6.6 Armour
 + Level 5.1 Dodging
 + Level 6.7 Stealth
 * Level 7.9 Spellcasting
 * Level 9.5 Conjurations
 + Level 3.1 Hexes
 + Level 0.2 Translocations
 + Level 0.3 Transmutations
 + Level 0.5 Evocations


You had 9 spell levels left.
You knew the following spells:

 Your Spells              Type           Power      Damage    Failure   Level
a - Magic Dart            Conj           100%       1d8       1%          1
b - Searing Ray           Conj           100%       2d8       1%          2
c - Dazzling Flash        Conj/Hex       100%       N/A       1%          3
d - Iskenderun's Mystic   Conj/Tloc      49%        2d11      3%          4
e - Passwall              Tmut/Erth      12%        N/A       4%          2
f - Fulminant Prism       Conj/Hex       28%        3d13      1%          4

Your spell library contained the following spells:

 Spells                   Type           Power      Damage    Failure   Level
 Kiss of Death            Conj/Necr      100%       2d13      1%          1
 Hailstorm                Conj/Ice       64%        3d14      1%          3
 Stone Arrow              Conj/Erth      96%        3d13      1%          3
 Apportation              Tloc           32%        N/A       2%          1
 Freeze                   Ice            84%        1d9       2%          1
 Sandblast                Erth           28%        2d8       2%          1
 Summon Small Mammal      Summ           56%        N/A       2%          1
 Confusing Touch          Hex            36%        N/A       2%          3
 Lesser Beckoning         Tloc           32%        N/A       3%          2
 Summon Guardian Golem    Hex/Summ       25%        N/A       4%          3
 Gell's Gravitas          Tloc           16%        N/A       8%          3
 Teleport Other           Tloc           16%        N/A       8%          3
 Call Canine Familiar     Summ           14%        N/A       9%          3
 Frozen Ramparts          Ice            42%        1d7       9%          3
 Animate Armour           Summ/Erth      28%        N/A       26%         4
 Dispel Undead            Necr           14%        3d10      26%         4
 Olgreb's Toxic Radiance  Pois           14%        N/A       26%         4
 Silence                  Hex/Air        12%        N/A       34%         5
 Iron Shot                Conj/Erth      24%        9d5       47%         6
 Alistair's Intoxication  Tmut/Pois      10%        N/A       52%         5
 Blade Hands              Tmut           8%         N/A       52%         5
 Agony                    Necr           14%        N/A       56%         5
 Discord                  Hex            18%        N/A       100%        8
 Ignition                 Fire           7%         3d4       100%        8


Dungeon Overview and Level Annotations

Branches:
Dungeon (11/15) Zot: 26791  Temple (1/1) D:5 Zot: 5629    Lair (0/5) D:11
    Orc (0/2) D:11          IceCv (1/1) Zot: 5842

Altars:
Ashenzari
Cheibriados
Dithmenos
Fedhas
Gozag
Hepliaklqana
Kikubaaqudgha
Makhleb
Nemelex Xobeh
Okawaru
Qazlal
Ru
Sif Muna
Trog
Uskayaw
Vehumet
Wu Jian
Xom
Yredelemnul

Shops:
D:4 *   D:6 *   D:7 =((*[

Annotations:
D:5 2 transporters, raetorn's ghost, amateur OgHW
D:10 exclusion: two-headed ogre


Innate Abilities, Weirdness & Mutations

You have hoof-like feet.
When hurt, damage is shared between your health and your magic reserves.
You regenerate magic rapidly.
Your movements are less encumbered by armour. (ER -4)


Message History

The floor.
Unknown command.
Press: ? - help, v - describe, . - travel, g - get item
Here: a reaper, wielding a +0 scythe of freezing, wearing a +2 robe of cold resistance and wearing a ring of protection from cold Item here: 11 gold pieces.
The floor, spattered with blood.
Unknown command.
Unknown command.
Casting: Fulminant Prism (dangerous; 1% risk of failure)
Confirm with . or Enter, or press ? or * to list all spells.
Aiming: Fulminant Prism (dangerous; 1% risk of failure)
Press: ? - help, Dir - move target You feel a surge of power!
You conjure a prism of explosive energy!
A fulminant prism comes into view.
The ice devil closely misses you.
The reaper hits you from afar with a +0 scythe of freezing!!
* * * LOW HITPOINT WARNING * * *
The reaper freezes you.
* * * LOW HITPOINT WARNING * * *
The harpy simulacrum claws you but does no damage.
The harpy simulacrum claws you.
* * * LOW HITPOINT WARNING * * *
The harpy simulacrum freezes you. You resist.
* * * LOW HITPOINT WARNING * * *
Press: ? - help, v - describe, . - travel
Here: a harpy simulacrum (ally target)
The floor.
Unknown command.
You feel much better.
The harpy simulacrum closely misses you.
The harpy simulacrum claws you but does no damage.
The harpy simulacrum barely misses you. x2
The reaper hits you from afar with a +0 scythe of freezing!!
* * * LOW HITPOINT WARNING * * *
The reaper freezes you.
* * * LOW HITPOINT WARNING * * *
The ice devil hits you!
You die...
Your body crumbles into a pile of gold.

#### ##..## ####
##....#####Z.##
#.......##@42*#
#.∩.∩.......#$......
#..........###..$...
##....##..## .#....
##..###### ###...
#### ... ..


You could see a reaper, an ice devil, a harpy simulacrum (ally target) and a
friendly fulminant prism.

Vanquished Creatures
  Gastronok (D:10)
  A soul eater (D:9)
  A sun demon (D:9)
  An ugly thing (D:8)
  A cyclops (D:11)
  An ice devil (IceCv)
  A red devil (D:9)
  A hellwing (D:9)
  A shadow (D:9)
  2 wyverns
  22 yaks
  Menkaure (D:7)
  A steam dragon (D:8)
  A neqoxec (D:9)
  A chaos spawn (D:9)
  2 acid dragons (D:9)
  5 water moccasins
  2 black bears
  10 orc warriors
  2 sky beasts
  5 centaurs
  A gnoll sergeant (D:9)
  A two-headed ogre simulacrum (IceCv)
  2 kobold brigands
  2 bullfrogs
  2 scorpions (D:7)
  4 wights (D:6)
  8 killer bees
  4 electric eels (D:10)
  A quasit (D:9)
  11 orc priests
  4 hounds
  2 iguanas (D:5)
  3 jellies
  Jessica (D:2)
  Ijyb (D:4)
  Natasha (thrice) (D:2)
  2 sleepcaps (D:6)
  15 orc wizards
  2 troll simulacra (IceCv)
  A polar bear simulacrum (IceCv)
  A spriggan simulacrum (IceCv)
  A wolf simulacrum (IceCv)
  6 gnolls
  6 adders
  A naga simulacrum (IceCv)
  13 white imps
  3 ufetubi
  A worm (D:2)
  3 dart slugs
  33 orcs
  3 endoplasms
  5 giant cockroaches
  7 goblins
  7 hobgoblins
  3 quokkas
  7 ball pythons
  5 bats
  A frilled lizard (D:1)
  13 kobolds
  12 rats
  A fulminant prism (D:9)
265 creatures vanquished.

Vanquished Creatures (others)
  Maurice (D:8)
  53 fulminant prisms
54 creatures vanquished.

Grand Total: 319 creatures vanquished

Notes
Turn   | Place    | Note
-------+----------+-------------------------------------------
     0 | D:1      | CrazyMind the Demonspawn Conjurer began the quest for the
                  | Orb.
     0 | D:1      | Reached XP level 1. HP: 13/13 MP: 3/3
   296 | D:1      | Gained mutation: Your movements are slightly less
                  | encumbered by armour. (ER -2) [demonic ancestry]
   296 | D:1      | Reached XP level 2. HP: 19/19 MP: 3/5
   299 | D:1      | Learned a level 2 spell: Searing Ray
   898 | D:1      | Reached skill level 1 in Short Blades
   973 | D:1      | Gained mutation: You have large cloven feet. [demonic
                  | ancestry]
   973 | D:1      | Reached XP level 3. HP: 24/24 MP: 3/6
  1073 | D:2      | Noticed Natasha
  1190 | D:2      | Learned a level 3 spell: Dazzling Flash
  1208 | D:2      | Killed Natasha
  1318 | D:2      | Noticed Natasha
  1356 | D:2      | Killed Natasha
  1357 | D:2      | Reached skill level 5 in Conjurations
  1357 | D:2      | Reached XP level 4. HP: 14/30 MP: 0/7
  1799 | D:2      | Noticed Jessica
  1855 | D:2      | Noticed Natasha
  1859 | D:2      | Killed Natasha
  1940 | D:2      | Identified the +7 mace "CrazyMind's Curse" {drain, rElec
                  | rN+ SInv}
  2068 | D:2      | Killed Jessica
  2069 | D:2      | Reached XP level 5. HP: 35/35 MP: 2/9
  2580 | D:3      | Found a broken altar of Ashenzari.
  2870 | D:3      | Noticed a black bear
  3184 | D:4      | Noticed a black bear
  3197 | D:4      | Killed a black bear
  3198 | D:4      | Reached skill level 1 in Maces & Flails
  3198 | D:4      | Reached skill level 1 in Armour
  3198 | D:4      | Gained mutation: You have hoof-like feet. [demonic
                  | ancestry]
  3198 | D:4      | Reached XP level 6. HP: 42/42 MP: 6/10
  3347 | D:4      | Noticed Ijyb
  3361 | D:4      | Killed Ijyb
  3537 | D:4      | Found a shimmering blue altar of Sif Muna.
  3679 | D:4      | Reached skill level 1 in Fighting
  3811 | D:4      | Gained mutation: You regenerate magic rapidly. [demonic
                  | ancestry]
  3811 | D:4      | Reached XP level 7. HP: 44/48 MP: 8/12
  3829 | D:4      | Identified the +3 tower shield of a bazaar {*Corrode Will+
                  | Str+3 SInv}
  3889 | D:4      | Found Hiothuehe's Assorted Antiques.
  3894 | D:4      | Bought a pair of embroidered gloves for 187 gold pieces
  4087 | D:5      | Entered Level 5 of the Dungeon
  4132 | D:5      | Reached skill level 6 in Conjurations
  4200 | D:5      | Found a staircase to the Ecumenical Temple.
  4214 | Temple   | Entered the Ecumenical Temple
  4512 | Temple   | Became a worshipper of Gozag Ym Sagoz the Greedy
  4705 | D:5      | Noticed raetorn's ghost (amateur OgHW)
  4865 | D:5      | Found a transporter.
  4870 | D:5      | Found a transporter.
  5354 | D:6      | Noticed a yak
  5354 | D:6      | Noticed a yak
  5354 | D:6      | Noticed a yak
  5566 | D:6      | Gained mutation: When hurt, damage is shared between your
                  | health and your magic reserves. [demonic ancestry]
  5566 | D:6      | Reached XP level 8. HP: 54/54 MP: 13/13
  5674 | D:6      | Learned a level 4 spell: Iskenderun's Mystic Blast
  5792 | D:6      | Found Gasa's Assorted Antiques.
  5804 | D:6      | Learned a level 2 spell: Passwall
  6562 | D:6      | Reached skill level 7 in Conjurations
  6562 | D:6      | Gained mutation: Your movements are less encumbered by
                  | armour. (ER -4) [demonic ancestry]
  6562 | D:6      | Reached XP level 9. HP: 31/61 MP: 2/16
  6705 | D:6      | Learned a level 4 spell: Fulminant Prism
  6716 | D:7      | Found a radiant altar of Vehumet.
  6785 | D:7      | Found Ariemess's Jewellery Boutique.
  6987 | D:7      | Found Weveh's Antique Armour Boutique.
  6998 | D:7      | Bought a fine ring mail for 189 gold pieces
  6998 | D:7      | Identified the +0 ring mail "Ugge" {Rampage +Blink rElec
                  | rN+} (You bought it in a shop on level 7 of the Dungeon)
  7030 | D:7      | Found Hadunkudgh's Assorted Antiques.
  7188 | D:7      | Bought a scroll of identify for 62 gold pieces
  7193 | D:7      | Found Degoyvuf's Antique Weapon Emporium.
  7199 | D:7      | Reached skill level 5 in Spellcasting
  7208 | D:7      | Found Zuot's Weapon Shoppe.
  7339 | D:7      | Reached skill level 1 in Hexes
  7437 | D:7      | Noticed Menkaure
  7746 | D:7      | Killed Menkaure
  7996 | D:8      | Noticed Maurice
  8332 | D:8      | Reached skill level 5 in Stealth
  8386 | D:8      | Identified the +1 lajatang of Brutal Revenge {vamp, rElec
                  | rPois}
  8489 | D:8      | Noticed a red ugly thing
  9193 | D:8      | Killed Maurice
  9194 | D:8      | Reached XP level 10. HP: 63/70 MP: 9/18
  9328 | D:8      | Killed a red ugly thing
  9566 | D:9      | Reached skill level 8 in Conjurations
  9631 | D:9      | Reached skill level 5 in Armour
 10143 | D:9      | Found an ornate altar of the Wu Jian Council.
 10143 | D:9      | Found a bloodstained altar of Trog.
 10177 | D:9      | Noticed a soul eater
 10177 | D:9      | Noticed a sun demon
 10543 | D:9      | Killed a soul eater
 10544 | D:9      | Reached skill level 5 in Short Blades
 10643 | D:9      | Killed a sun demon
 10780 | D:9      | Reached XP level 11. HP: 76/77 MP: 18/21
 11533 | D:10     | Entered Level 10 of the Dungeon
 11575 | D:10     | Noticed a two-headed ogre
 11586 | D:10     | Noticed Gastronok
 12328 | D:10     | Reached skill level 9 in Conjurations
 12523 | D:10     | Killed Gastronok
 12524 | D:10     | Reached skill level 5 in Dodging
 12955 | D:11     | Found a frozen archway.
 13020 | IceCv    | Entered an ice cave
 13186 | IceCv    | Noticed a reaper
 13193 | IceCv    | Slain by an ice devil

Illustrated notes

Levels and vault maps discovered:
D:1:      erik_arrival_triangle_medium, layout_basic, minivault_24,
          dreamdust_wishing_well
D:2:      layout_rooms, minmay_misc_feat_plants, uniq_jessica, uniq_natasha
D:3:      layout_loops_ring, mainiacjoe_overflow_surrounded_room
D:4:      minmay_spotlight, layout_loops_ring, led_sif_pool, serial_shops,
          nicolae_shop_hallway_stairs, uniq_ijyb
D:5:      layout_cave_pools, minmay_temple_entry_statues_fountains,
          gammafunk_ghost_hive, kennysheep_generic_room_11
D:6:      layout_loops_ring, serial_shops, shop
D:7:      layout_basic, vehumet_crystals, serial_shops, nicolae_shop_waterfront,
          shop, nicolae_shop_rolling_square, nicolae_lakefront_shop,
          nicolae_inconvenience_store, uniq_menkaure
D:8:      layout_loops_corners, corexii_corridor_pit, uniq_maurice
D:9:      layout_layer_cave, jmf_multi_god_temple, serial_demonic,
          serial_demonic_g, serial_demonic_b, serial_demonic_c,
          serial_demonic_c, serial_demonic_b, serial_demonic_g,
          serial_demonic_e, serial_demonic_e, serial_demonic_g, serial_demonic_f
D:10:     layout_rooms, serial_bayou, serial_bayou_ford_a, serial_bayou_lake_a,
          serial_bayou_pond_c, serial_bayou_pond_b, uniq_gastronok
D:11:     nicolae_hitomezashi [nicolae_hito_row, nicolae_hito_row,
          nicolae_hito_row, nicolae_hito_row, nicolae_hito_row,
          nicolae_hito_row, nicolae_hito_row, nicolae_hito_row,
          nicolae_hito_row, nicolae_hito_row, nicolae_hito_row,
          nicolae_hito_row, nicolae_hito_row, nicolae_hito_row,
          nicolae_hito_row, nicolae_hito_row, nicolae_hito_row,
          nicolae_hito_row], layout_loops_corners, lair_entry_dummy,
          orc_david_3, portal_ice_cave_entry_imps,
          gammafunk_ghost_wrathful_warriors, nemelex_spade_bored_becter
Temple:   minmay_temple_bridge_d
IceCv:    ice_cave_small_demon

Skill      XL: |  1  2  3  4  5  6  7  8  9 10 11 |
---------------+----------------------------------+-----
Short Blades   | 1 2 4 5 6 |  6.0
Conjurations   | 5 6 7 8 9 |  9.5
Stealth        | 2 3 4 5 6 |  6.7
Maces & Flails | 1 3 |  3.6
Armour         | 1 2 3 4 5 6 |  6.6
Spellcasting   | 3 4 5 7 |  7.9
Dodging        | 2 3 4 5 |  5.1
Fighting       | 1 2 3 4 |  4.5
Hexes          | 1 2 3 |  3.1
Translocations | |  0.2
Transmutations | |  0.3
Evocations     | |  0.5

Action                     |  1- 3 |  4- 6 |  7- 9 | 10-12 || total
---------------------------+-------+-------+-------+-------++-------
  Melee: Short sword       |    13 |    10 |       |       ||    23
         Mace              |       |    33 |    26 |       ||    59
         Punch             |       |     1 |       |     1 ||     2
         Kick              |       |     4 |     6 |       ||    10
         Dagger            |       |       |    36 |   177 ||   213
  Throw: Dart              |       |     2 |     6 |     5 ||    13
   Cast: Magic Dart        |    22 |     9 |    23 |    10 ||    64
         Searing Ray       |    13 |    20 |    44 |    46 ||   123
         Dazzling Flash    |       |       |     7 |    28 ||    35
         Fulminant Prism   |       |       |     7 |    48 ||    55
         Passwall          |       |       |     1 |       ||     1
         Iskenderun's Myst |       |       |       |     4 ||     4
 Invoke: Potion Petition   |       |       |       |     2 ||     2
  Evoke: Wand              |       |       |       |     8 ||     8
    Use: Scroll            |       |       |    12 |     7 ||    19
         Potion            |       |       |       |     7 ||     7
   Stab: Sleeping          |     4 |     4 |    10 |     1 ||    19
         Invisible         |       |       |     3 |    28 ||    31
         Distracted        |       |       |     1 |       ||     1
 Armour: Robe              |     6 |       |       |       ||     6
         Leather armour    |     3 |    14 |    14 |    17 ||    48
         Ring mail         |       |       |    20 |    79 ||    99
  Dodge: Dodged            |     8 |    39 |    72 |   223 ||   342
